 Dungeon Crawl Stone Soup version 0.30-a0-760-g5a9884bb7c (webtiles) character file.

Game seed: 2298309303286200512

69 tilp the Shield-Bearer (level 4, -1/39 HPs)
             Began as a Meteoran Fighter on Feb 10, 2023.
             Was an Initiate of Okawaru.
             Slain by a gnoll
             ... wielding a +0 whip
              (3 damage)
             ... on level 4 of the Dungeon.
             The game lasted 00:03:26 (892 turns).

tilp the Shield-Bearer (Meteoran Fighter)            Turns: 892, Time: 00:03:27

Health: -1/39      AC:  8    Str: 18    XL:     4   Next: 70%
Magic:  14/14      EV: 10    Int:  9    God:    Okawaru [......]
Gold:   100        SH:  5    Dex: 15    Spells: 3/3 levels left

rFire   . . .      SeeInvis .    a - +0 long sword
rCold   . . .      Faith    .    c - +0 buckler
rNeg    . . .      Spirit   .    b - +0 scale mail
rPois   .          Reflect  .    (no helmet)
rElec   .          Harm     .    d - +0 cloak
rCorr   .          Rampage  .    (no gloves)
Will    .....                    (no boots) Stlth
                                 j - amulet of magic regeneration
HPRegen 0.26/turn                l - ring of magical power
MPRegen 0.54/turn                (no ring)

@: glowing
A: sense surroundings 1, otherworldly, glowing, explore regen
a: Renounce Religion


You were on level 4 of the Dungeon.
You worshipped Okawaru.
Okawaru was noncommittal.
You visited 1 branch of the dungeon, and saw 4 of its levels.

You collected 100 gold pieces.

Inventory:

Hand Weapons
 a - a +0 long sword (weapon)
Missiles
 f - 18 stones
 k - 5 poisoned darts (quivered)
Armour
 b - a +0 scale mail (worn)
 c - a +0 buckler (worn)
 d - a +0 cloak (worn)
Jewellery
 j - an amulet of magic regeneration (around neck)
 l - a ring of magical power (left hand)
Scrolls
 e - a scroll of immolation {unknown}
 g - a scroll of enchant weapon {unknown}
 h - 2 scrolls of teleportation {unknown}
 m - a scroll of vulnerability {unknown}
Potions
 i - a potion of curing {unknown}


   Skills:
 + Level 3.6 Fighting
 * Level 3.2 Long Blades
 - Level 4.0 Armour
 * Level 1.8 Dodging
 * Level 1.1 Stealth
 - Level 4.0 Shields


You had 3 spell levels left.
You didn't know any spells.
Your spell library was empty.

Dungeon Overview and Level Annotations

Branches:
Dungeon (4/15) Zot: 1481
 Temple: D:4-7

Altars:
Dithmenos
Fedhas
Makhleb
Okawaru
Qazlal
Uskayaw
Xom
Zin


Innate Abilities, Weirdness & Mutations

You passively map a small area around you.
You are easily found by Zot.
You glow in the dark.
You regain HP and MP as you explore.


Message History

The hound bites you but does no damage.
You open the door.
The hound bites you but does no damage. x2
The orc priest mumbles some strange prayers to Beogh against you.
Beogh smites you!
Found 7 gold pieces.
The hound attacks as you move away! The hound bites you.
Found a golden potion.
The orc priest looks encouraged for a moment.
There is an open door here.
The hound bites you.
The orc priest casts a cantrip, but nothing happens.
You slash the hound!
The hound is heavily wounded.
The hound bites you but does no damage. x2
You closely miss the hound.
The hound is heavily wounded.
The hound bites you but does no damage. x2
Okay, then.
You barely miss the hound.
The hound is heavily wounded.
The hound closely misses you. The orc closely misses you.
The hound bites you but does no damage.
You closely miss the hound.
The hound is heavily wounded.
The hound bites you but does no damage. You block the orc's attack.
The hound bites you but does no damage. The orc hits you but does no damage.
The hound attacks as you move away! You block the hound's attack.
The orc priest mumbles some strange prayers to Beogh against you.
Beogh smites you!
* * * LOW HITPOINT WARNING * * *
Unknown command.
The hound bites you.
* * * LOW HITPOINT WARNING * * *
You block the hound's attack. You block the orc's attack.
The hound attacks as you move away! The hound bites you.
* * * LOW HITPOINT WARNING * * *
The orc barely misses you. The hound bites you.
* * * LOW HITPOINT WARNING * * *
The gnoll hits you with a +0 whip.
You die...

...* .**,....#....
** ,#.#+#.
....##.... ,#..!.#
*#...##.... * *
**#....#
#...##.... *
#....####...##....
*
#....'o.oo..##.###
*,
#..og###g......#
#.#####.g$.#
#..#.####
#......@ho.# #.<#


oo, ############ #g.#* ## #..# * ...# , *##.##* ** #.. , * ### * * * You could
see a hound, 2 orc priests, 2 gnolls and an orc.

Vanquished Creatures
  Crazy Yiuf (D:3)
  An adder (D:3)
  A dart slug (D:3)
  A worm (D:3)
  An orc (D:3)
  4 endoplasms
  7 hobgoblins
  A quokka (D:3)
  3 ball pythons
  A bat (D:3)
  2 frilled lizards
  A goblin (D:1)
  A kobold (D:1)
  4 rats (D:1)
29 creatures vanquished.

Notes
Turn   | Place    | Note
-------+----------+-------------------------------------------
     0 | D:1      | tilp the Meteoran Fighter began the quest for the Orb.
     0 | D:1      | Reached XP level 1. HP: 19/19 MP: 2/2
    27 | D:1      | Reached XP level 2. HP: 21/26 MP: 3/3
   201 | D:3      | Reached skill level 1 in Dodging
   201 | D:3      | Reached XP level 3. HP: 14/31 MP: 4/4
   343 | D:3      | Found a runed translucent door.
   344 | D:3      | Noticed Crazy Yiuf
   350 | D:3      | Killed Crazy Yiuf
   351 | D:3      | Reached skill level 1 in Stealth
   351 | D:3      | Reached XP level 4. HP: 21/38 MP: 5/5
   439 | D:4      | Noticed an ogre
   832 | D:3      | Found an iron altar of Okawaru.
   835 | D:3      | Found a burning altar of Makhleb.
   836 | D:3      | Found a glowing silver altar of Zin.
   837 | D:3      | Found a shadowy altar of Dithmenos.
   837 | D:3      | Found a blossoming altar of Fedhas.
   837 | D:3      | Found a stormy altar of Qazlal.
   839 | D:3      | Found a hide-covered altar of Uskayaw.
   841 | D:3      | Found a shimmering altar of Xom.
   852 | D:3      | Became a worshipper of Warmaster Okawaru
   892 | D:4      | Slain by a gnoll

Illustrated notes

Levels and vault maps discovered:
D:1:      minmay_arrival_plants_in_alcoves, layout_basic, minivault_11
D:2:      layout_basic, ebering_ecumenical_altar_hall, basic_altar,
          minmay_diced_spiral
D:3:      layout_basic, minitemple, serial_curves, eino_curves_01,
          eino_curves_03, uniq_crazy_yiuf_cottage
D:4:      layout_basic, uniq_sigmund

Skill      XL: |  1  2  3  4 |
---------------+-------------+-----
Dodging        | 1 |  1.8
Long Blades    | 3 |  3.2
Stealth        | 1 |  1.1
Shields        | 4 |  4.0
Armour         | 4 |  4.0
Fighting       | |  3.6

Action                     |  1- 3 |  4- 6 || total
---------------------------+-------+-------++-------
  Melee: Long sword        |    65 |    19 ||    84
    Use: Potion            |     1 |       ||     1
 Armour: Scale mail        |    21 |    17 ||    38
  Dodge: Dodged            |    21 |     9 ||    30
  Block: Buckler           |    13 |    11 ||    24

Table legend: (Time is in decaauts)
 A = Elapsed time spent in this place.
 B = Non-inter-level travel time spent in this place.
 C = Inter-level travel time spent in this place.
 D = Time resting spent in this place.
 E = Time spent auto-exploring this place.
 F = Levels seen in this place.
 G = Mean time per level.
                   A        B        C        D        E       F      G
               +--------+--------+--------+--------+--------+-----+--------+
         Total |    917 |    676 |    241 |      0 |      0 |   4 |  229.2 |
       Dungeon |    917 |    676 |    241 |      0 |      0 |   4 |  229.2 |
               +--------+--------+--------+--------+--------+-----+--------+

Top non-repeatable levels by time:
     D:3: 716 daAuts
     D:1: 141 daAuts
     D:2: 34 daAuts
     D:4: 25 daAuts
